 Dungeon Crawl Stone Soup version 0.21.1-1-g345015fe64 (webtiles) character file.

89630 Peloso the Peltast (level 15, -7/139 HPs)
             Began as a Minotaur Fighter on May 27, 2018.
             Was the Champion of Okawaru.
             Shot with a bolt by a yaktaur captain (38 damage)
             ... on level 14 of the Dungeon.
             The game lasted 01:17:41 (24403 turns).

Peloso the Peltast (Minotaur Fighter)              Turns: 24403, Time: 01:17:41

Health: -7/139     AC: 28    Str: 32    XL:     15   Next: 49%
Magic:  16/16      EV: 11    Int:  5    God:    Okawaru [******]
Gold:   639        SH: 25    Dex: 11    Spells: 14/14 levels left

rFire    . . .     SeeInvis .   a - +3 scimitar "Baruptoh" {slice, +Inv MR+}
rCold    + . .     Gourm    +   Z - +2 large shield {AC+3}
rNeg     + + .     Faith    .   j - +8 chain mail of Leapfrog {-Cast rN++ MR+ Str+2}
rPois    .         Spirit   .   (helmet restricted)
rElec    .         Reflect  .   h - +0 cloak {MR+}
rCorr    .         Harm     .   (no gloves)
MR       ++++.     NoCast   +   P - +2 pair of boots {Stlth+}
Stlth    ..........             g - amulet of the gourmand
HPRegen  0.33/turn              v - +4 ring of strength
MPRegen  0.15/turn              k - ring of protection from cold

@: no status effects
A: retaliatory headbutt, horns 2
a: Heroism, Finesse, Renounce Religion, Evoke Invisibility


You were on level 14 of the Dungeon.
You worshipped Okawaru.
Okawaru was exalted by your worship.
You were very full.

You visited 3 branches of the dungeon, and saw 21 of its levels.
You also visited: Ossuary and Ice Cave.

You collected 1726 gold pieces.
You spent 1087 gold pieces at shops.

Inventory:

Hand Weapons
 a - the +3 scimitar "Baruptoh" (weapon) {slice, +Inv MR+}
   (You found it on level 12 of the Dungeon)

   It inflicts extra damage upon your enemies.
   It affects your resistance to hostile enchantments.
   It lets you turn invisible.
 b - a +2 scimitar of flaming
 i - a +5 scimitar of freezing
Armour
 h - a +0 cloak of magic resistance (worn)
 j - the +8 chain mail of Leapfrog (worn) {-Cast rN++ MR+ Str+2}
   (Okawaru gifted it to you on level 12 of the Dungeon)

   It affects your strength (+2).
   It greatly protects you from negative energy.
   It affects your resistance to hostile enchantments.
   It prevents spellcasting.
 l - +2 shadow dragon scales
 P - a +2 pair of boots of stealth (worn)
 Z - a +2 large shield of protection (worn)
Jewellery
 g - an amulet of the gourmand (around neck)
 k - a ring of protection from cold (right hand)
 n - an uncursed ring of stealth
 v - a +4 ring of strength (left hand)
 S - the amulet "Reseq" {RegenMP rElec rF+ rC+}
   (You found it in an ice cave)

   [amulet of magic regeneration]

   It increases your magic regeneration.
   It protects you from fire.
   It protects you from cold.
   It insulates you from electricity.
Wands
 e - a wand of random effects (31)
 t - a wand of digging (1)
Scrolls
 c - 2 scrolls of teleportation
 m - a scroll of remove curse
 o - 3 scrolls of amnesia
 p - a scroll of fog
 s - 2 scrolls of magic mapping
 u - 4 scrolls of blinking
 B - a scroll of enchant armour
 F - 4 scrolls of fear
Potions
 d - 7 potions of might
 q - 8 potions of curing
 w - 7 potions of heal wounds
 x - 3 potions of haste
 z - 5 potions of agility
 D - 4 potions of flight
 E - a potion of resistance
Comestibles
 f - 39 rations


   Skills:
 + Level 14.5 Fighting
 + Level 16.9 Long Blades
 + Level 13.1 Armour
 + Level 6.0 Dodging
 + Level 1.5 Stealth
 + Level 18.3 Shields
 + Level 3.0 Invocations
 + Level 0.8 Evocations


You had 14 spell levels left.
You didn't know any spells.

Dungeon Overview and Level Annotations

Branches:
Dungeon (14/15)            Temple (1/1) D:6            Lair (6/6) D:11
 Shoals (0/4) Lair:4        Snake (0/4) Lair:4        Slime (0/5) Lair:6
    Orc (0/2) D:11
 Vaults: D:13-14

Altars:
Cheibriados
Dithmenos
Gozag
Hepliaklqana
Makhleb
Nemelex Xobeh
Okawaru
Ru
Trog
Uskayaw
Wu Jian
Xom
The Shining One

Shops:
D:5 [


Innate Abilities, Weirdness & Mutations

You reflexively headbutt those who attack you in melee.
You have a pair of horns on your head.


Message History

Unknown command.
You closely miss the storm dragon.
The storm dragon is heavily wounded.
The centaur warrior hits you but does no damage.
You block the storm dragon's attack. x2
The storm dragon tramples you but does no damage.
The yaktaur captain shoots a bolt.
The bolt barely misses you.
Unknown command.
You hit the storm dragon but do no damage.
The storm dragon is heavily wounded.
The centaur warrior hits you but does no damage.
The storm dragon breathes lightning at you.
The bolt of lightning hits you!
* * * LOW HITPOINT WARNING * * *
You hear a screech!
You hear a shout!
You slice the storm dragon!! Your headbutt misses the storm dragon.
The storm dragon is severely wounded.
You block the centaur warrior's attack.
The yaktaur captain shoots a bolt.
The bolt hits you!!!
You die...

#.. #..# #..
#..####..###..#
#....#........#
#.....%......#
...........##
#>...c.....#
#.D.(...[..
#.c@# #..(#
#...# #.)##
#(.## #...#
#...## #..))##
###...(.##


You could see a storm dragon, a yaktaur captain and a centaur warrior.

Vanquished Creatures
  A sphinx (D:11)
  An orc warlord (D:11)
  A stone giant (D:11)
  A white draconian (IceCv)
  Snorg (Lair:3)
  A fire dragon (Lair:6)
  4 hydras
  4 centaur warriors
  3 two-headed ogres
  3 tengu warriors
  11 death yaks
  The ghost of Chudej the Destroyer, a journeyman DECj of Sif Muna (D:12)
  Urug (D:11)
  An unseen horror (D:13)
  5 skeletal warriors (D:14)
  A deep troll (D:11)
  A deep elf mage (D:12)
  A lindwurm (Lair:6)
  4 ugly things
  A cyclops (D:14)
  10 black mambas
  15 spiny frogs
  An ice statue (IceCv)
  2 molten gargoyles (Lair:6)
  2 gargoyles
  2 centaur skeletons
  2 kobold demonologists
  A rime drake (IceCv)
  16 komodo dragons
  An efreet (D:13)
  3 trolls
  A slime creature (D:14)
  A hornet (D:11)
  15 polar bears
  28 blink frogs
  6 dream sheep
  A meliai zombie (D:13)
  6 hippogriffs
  A vampire (D:14)
  A shadow (D:11)
  A tarantella (shapeshifter) (D:12)
  2 centaur simulacra (D:12)
  85 yaks
  7 wyverns
  A spriggan (Lair:1)
  A wraith (D:12)
  9 basilisks
  A hungry ghost (D:7)
  2 steam dragons (Lair:6)
  A soldier ant (D:12)
  5 wargs
  2 vampire mosquitoes (D:12)
  2 acid dragons
  5 nagas (Lair:4)
  4 hell hounds (Lair:6)
  11 water moccasins
  6 porcupines
  A black bear (D:9)
  10 ice beasts
  17 orc warriors
  A sky beast (D:10)
  An eye of draining (shapeshifter) (D:13)
  6 phantoms
  34 centaurs
  16 wolves (IceCv)
  8 ogres
  12 crocodiles
  4 big kobolds
  17 bullfrogs
  3 gnoll sergeants
  8 scorpions
  7 killer bees
  3 jellies
  5 wights
  3 howler monkeys
  2 electric eels
  4 crimson imps
  5 lava snakes (Lair:6)
  2 quasits
  A bullfrog zombie (D:8)
  4 centaur zombies
  A water moccasin simulacrum (D:12)
  7 hounds
  2 human zombies (Ossuary)
  9 orc priests
  Crazy Yiuf (D:2)
  3 bullfrog skeletons
  10 orc wizards
  9 worker ants
  Natasha (thrice) (D:2)
  3 iguanas
  A bullfrog simulacrum (D:12)
  A hound skeleton (D:9)
  3 mummies
  8 gnolls
  18 adders
  3 shadow imps
  4 white imps (D:12)
  An ufetubus (D:12)
  6 oozes
  An adder skeleton (D:5)
  4 adder zombies
  6 worms
  3 dart slugs
  5 leopard geckos
  34 orcs
  3 giant cockroaches
  4 goblins
  14 hobgoblins
  3 jackals (D:10)
  5 quokkas
  4 ball pythons
  8 bats
  8 frilled lizards
  2 goblin zombies (Ossuary)
  12 hobgoblin zombies
  A jackal zombie (D:7)
  29 kobolds
  8 kobold zombies (Ossuary)
  2 leopard gecko skeletons
  9 orc zombies (Ossuary)
  7 rats
  2 rat zombies (Ossuary)
  A fungus (Lair:5)
  2 plants (Lair:1)
751 creatures vanquished.

Vanquished Creatures (others)
  4 slime creatures (D:14)
  2 yaks (IceCv)
  A soldier ant (D:14)
  A wolf (IceCv)
  3 plants (Lair:1)
11 creatures vanquished.

Grand Total: 762 creatures vanquished

Notes
Turn   | Place    | Note
-------+----------+-------------------------------------------
     0 | D:1      | Peloso the Minotaur Fighter began the quest for the Orb.
     0 | D:1      | Reached XP level 1. HP: 19/19 MP: 0/0
   173 | D:1      | Reached XP level 2. HP: 23/27 MP: 1/1
   612 | D:2      | Reached XP level 3. HP: 33/33 MP: 2/2
   628 | D:2      | Noticed Natasha
   641 | D:2      | Killed Natasha
   641 | D:2      | Reached skill level 4 in Shields
   744 | D:2      | Found a runed door.
   786 | D:2      | Reached XP level 4. HP: 40/41 MP: 3/3
   831 | D:2      | Noticed Natasha
   835 | D:2      | Killed Natasha
   910 | D:2      | Reached skill level 1 in Dodging
   971 | D:2      | Noticed Natasha
   980 | D:2      | Killed Natasha
   980 | D:2      | Reached XP level 5. HP: 38/47 MP: 4/4
  1243 | D:2      | Noticed Crazy Yiuf
  1246 | D:2      | Killed Crazy Yiuf
  1404 | D:3      | Reached skill level 5 in Armour
  1719 | D:3      | Found a faded altar of an unknown god.
  1912 | D:4      | Found a bloodstained altar of Trog.
  1987 | D:4      | Reached skill level 5 in Fighting
  2154 | D:4      | Reached XP level 6. HP: 56/56 MP: 5/5
  2213 | D:4      | Found a sacrificial altar of Ru.
  2216 | D:4      | Found a shadowy altar of Dithmenos.
  2219 | D:4      | Found an ornate altar of the Wu Jian Council.
  2252 | D:4      | Reached skill level 5 in Long Blades
  2282 | D:4      | Reached skill level 5 in Shields
  2390 | D:4      | Found an opulent altar of Gozag.
  2497 | D:4      | Reached XP level 7. HP: 61/61 MP: 6/6
  2726 | D:5      | Entered Level 5 of the Dungeon
  3235 | D:5      | Found Veasinomul's Antique Armour Shop.
  3677 | D:5      | Reached XP level 8. HP: 11/70 MP: 7/7
  3977 | D:6      | Reached skill level 6 in Shields
  4115 | D:5      | HP: 1/70 [ogre/giant spiked club (14)]
  4839 | D:6      | Got a black opal-encrusted scale mail
  4852 | D:6      | Identified the +1 scale mail of Beeq {rN++ Str-2} (You took it off a wight on level 6 of the Dungeon)
  5099 | D:6      | Found a staircase to the Ecumenical Temple.
  5104 | D:6      | Reached skill level 7 in Shields
  5118 | Temple   | Entered the Ecumenical Temple
  5187 | Temple   | Became a worshipper of Warmaster Okawaru
  5469 | D:7      | Found a sand-covered staircase.
  5475 | Ossuary  | Entered an ossuary
  5543 | Ossuary  | Reached XP level 9. HP: 79/79 MP: 8/8
  5789 | D:7      | Reached * piety under Okawaru
  6114 | D:7      | Reached skill level 8 in Shields
  6814 | D:8      | Reached ** piety under Okawaru
  7295 | D:8      | Reached skill level 10 in Long Blades
  7548 | D:8      | Reached XP level 10. HP: 62/88 MP: 9/9
  7565 | D:8      | Reached *** piety under Okawaru
  7840 | D:9      | Reached skill level 9 in Shields
  8149 | D:9      | Reached **** piety under Okawaru
  8320 | D:9      | Got a blackened lajatang
  8499 | D:9      | Identified the +8 lajatang of Peace {vamp, MR++} (You found it on level 9 of the Dungeon)
  8642 | D:10     | Entered Level 10 of the Dungeon
  8704 | D:10     | Reached ***** piety under Okawaru
  8704 | D:10     | Reached skill level 10 in Shields
  8827 | D:10     | Reached XP level 11. HP: 75/97 MP: 10/10
  8999 | D:10     | Noticed a tengu warrior
  9013 | D:10     | Killed a tengu warrior
  9383 | D:11     | Found a staircase to the Lair.
  9389 | D:11     | Found a frozen archway.
  9394 | D:11     | Noticed a purple ugly thing
  9427 | D:11     | Killed a purple ugly thing
  9575 | IceCv    | Entered an ice cave
  9581 | IceCv    | Reached skill level 10 in Armour
  9590 | IceCv    | Reached skill level 1 in Invocations
  9624 | IceCv    | Reached skill level 11 in Shields
  9893 | IceCv    | Received a gift from Okawaru
 10157 | IceCv    | Reached skill level 10 in Fighting
 10164 | IceCv    | Reached ****** piety under Okawaru
 10481 | IceCv    | Reached skill level 12 in Shields
 10492 | IceCv    | Noticed a death yak
 10509 | IceCv    | Killed a death yak
 10509 | IceCv    | Reached XP level 12. HP: 106/106 MP: 9/12
 10604 | IceCv    | Noticed a white draconian
 10604 | IceCv    | Noticed a death yak
 10629 | IceCv    | Killed a white draconian
 10635 | IceCv    | Killed a death yak
 10701 | IceCv    | Got a faintly glowing lead amulet
 10726 | IceCv    | Identified the amulet "Reseq" {RegenMP rElec rF+ rC+} (You found it in an ice cave)
 11031 | D:11     | Received a gift from Okawaru
 11041 | D:11     | Noticed a centaur warrior
 11049 | D:11     | Killed a centaur warrior
 11050 | D:11     | Noticed a sphinx
 11053 | D:11     | Killed a sphinx
 11100 | D:11     | Reached skill level 13 in Shields
 11125 | D:11     | Got a scorched war axe
 11126 | D:11     | Identified the cursed +0 war axe "Vuupnayti" {freeze, Str+3 Int+4} (You found it on level 11 of the Dungeon)
 11178 | D:11     | Found a staircase to the Orcish Mines.
 11205 | D:11     | Paralysed by a hornet for 1 turns
 11403 | D:11     | Reached skill level 15 in Long Blades
 11487 | D:11     | Noticed Urug
 11505 | D:11     | Killed Urug
 11887 | D:11     | Noticed an orc warlord
 11909 | D:11     | Killed an orc warlord
 11909 | D:11     | Reached XP level 13. HP: 95/117 MP: 12/14
 12020 | D:11     | Noticed a stone giant
 12031 | D:11     | Killed a stone giant
 12233 | D:11     | Received a gift from Okawaru
 12796 | Lair:1   | Entered Level 1 of the Lair of Beasts
 13097 | Lair:1   | Reached skill level 1 in Stealth
 13540 | Lair:1   | Reached skill level 14 in Shields
 14493 | D:5      | Bought an encrusted plate armour for 812 gold pieces
 14506 | D:5      | Identified the +1 plate armour "Puwn" {*Drain rElec rN++ rCorr} (You bought it in a shop on level 5 of the Dungeon)
 14509 | D:5      | Bought a slimy chain mail for 275 gold pieces
 14522 | D:5      | Identified the +5 chain mail of the Big Bang {MR+ Regen+ Dex+2 Slay-5} (You bought it in a shop on level 5 of the Dungeon)
 16087 | D:12     | Got a faintly glowing scimitar
 16088 | D:12     | Identified the +3 scimitar "Baruptoh" {slice, +Inv MR+} (You found it on level 12 of the Dungeon)
 16263 | D:12     | Received a gift from Okawaru
 16266 | D:12     | Got a scorched chain mail {god gift}
 16287 | D:12     | Identified the +8 chain mail of Leapfrog {-Cast rN++ MR+ Str+2} (Okawaru gifted it to you on level 12 of the Dungeon)
 16446 | D:12     | Noticed Chudej's ghost (journeyman DECj)
 16458 | D:12     | Killed Chudej's ghost
 16576 | D:12     | Reached skill level 15 in Shields
 17018 | D:13     | Reached XP level 14. HP: 129/129 MP: 15/15
 17786 | Lair:3   | Reached skill level 16 in Shields
 18108 | Lair:3   | Noticed Snorg
 18117 | Lair:3   | Killed Snorg
 18117 | Lair:3   | Received a gift from Okawaru
 19158 | Lair:4   | Reached skill level 5 in Dodging
 19177 | Lair:4   | Received a gift from Okawaru
 19637 | Lair:4   | Found a staircase to the Shoals.
 19674 | Lair:4   | Found a staircase to the Snake Pit.
 20489 | Lair:5   | Reached skill level 17 in Shields
 21150 | Lair:6   | Entered Level 6 of the Lair of Beasts
 21737 | Lair:6   | Found a staircase to the Slime Pits.
 21791 | Lair:5   | Reached XP level 15. HP: 105/138 MP: 16/16
 22176 | Lair:6   | Received a gift from Okawaru
 22218 | Lair:6   | Got a transparent cloak {god gift}
 22251 | Lair:6   | Identified the +1 cloak "Inkapnoi" {rF+} (Okawaru gifted it to you on level 6 of the Lair of Beasts)
 22434 | Lair:6   | Found a large runed door.
 22437 | Lair:6   | Found a large runed door.
 23038 | Lair:6   | Reached skill level 18 in Shields
 24390 | D:14     | Noticed a storm dragon
 24403 | D:14     | Shot with a bolt by a yaktaur captain

Skill      XL: |  1  2  3  4  5  6  7  8  9 10 11 12 13 14 15 |
---------------+----------------------------------------------+-----
Fighting       | 4 5 6 7 9 10 11 13 14 | 14.5
Armour         | 4 5 6 7 8 9 10 11 12 13 | 13.1
Long Blades    | 3 4 5 7 8 10 12 14 15 16 | 16.9
Shields        | 4 5 7 8 10 12 13 15 17 18 | 18.3
Dodging        | 1 2 3 4 5 6 |  6.0
Invocations    | 1 2 3 |  3.0
Stealth        | 1 |  1.5
Evocations     | |  0.8

Action                   |  1- 3 |  4- 6 |  7- 9 | 10-12 | 13-15 || total
-------------------------+-------+-------+-------+-------+-------++-------
Melee: Long sword        |    66 |   137 |   195 |       |       ||   398
       Headbutt          |     4 |    26 |    90 |   152 |   337 ||   609
       Scimitar          |       |       |   224 |   767 |  1293 ||  2284
Invok: Heroism           |       |       |     1 |     7 |     2 ||    10
       Finesse           |       |       |       |     1 |       ||     1
Evoke: Wand              |       |     5 |     1 |       |    11 ||    17
  Use: Potion            |       |       |     1 |       |     1 ||     2
       Scroll            |       |       |    16 |     3 |    18 ||    37
  Eat: Chunk             |       |     5 |    21 |    27 |    80 ||   133
       Ration            |       |       |     1 |       |       ||     1
Armor: Scale mail        |    29 |    45 |       |       |       ||    74
       Chain mail        |       |    21 |   160 |       |   315 ||   496
       Plate armour      |       |       |    30 |   269 |    85 ||   384
Dodge: Dodged            |    27 |    47 |    78 |   130 |   234 ||   516
       Deflected         |       |       |       |     3 |       ||     3
Block: Shield            |    30 |    69 |   229 |   499 |    15 ||   842
       Large shield      |       |       |       |       |  1507 ||  1507
       Rpst.: Long sword |     6 |    14 |     7 |       |       ||    27
       Scimitar          |       |       |     9 |    28 |    66 ||   103
